 Dungeon Crawl Stone Soup version 0.31.0-11-ge490571c62 (webtiles) character file.

Game seed: 10988649734442298025

30655 Bravepunisher the Champion of Chaos (level 13, 0/67 HPs)
             Began as a Spriggan Monk on Feb 3, 2024.
             Was the Champion of Makhleb.
             Slain by a 12-headed hydra (8 damage)
             ... on level 3 of the Lair of Beasts.
             The game lasted 01:05:07 (14777 turns).

Bravepunisher the Champion of Chaos (SpMo)         Turns: 14777, Time: 01:05:14

Health: 0/67       AC:  5    Str: 13    XL:     13   Next: 21%
Magic:  25/25      EV: 32    Int: 11    God:    Makhleb [******]
Gold:   794        SH:  7    Dex: 29    Spells: 12/12 levels left

rFire   + . .        D - +4 scimitar (freeze)
rCold   + . .        v - +0 buckler
rNeg    + . .        y - +0 steam dragon scales
rPois   +            G - -2 hat of the Alchemist {rElec rPois rF+ rC+ rN+ Will+ rMut rCorr}
rElec   +            w - +0 cloak
rCorr   +            (gloves unavailable)
SInv    +            (boots unavailable)
Will    +++..        (no amulet)
Stlth   ++           J - +6 ring of strength
HPRegen 0.31/turn    e - +6 ring of dexterity
MPRegen 0.19/turn

%: resist mutation
@: very quick
A: very small, no large weapons, unfitting armour, see invisible, speed 3,
MP-powered wands, noise suppression
a: Renounce Religion, Minor Destruction, Lesser Servant of Makhleb, Major
Destruction, Greater Servant of Makhleb


You were on level 3 of the Lair of Beasts.
You worshipped Makhleb.
Makhleb was exalted by your worship.
You visited 4 branches of the dungeon, and saw 20 of its levels.

You collected 914 gold pieces.
You spent 120 gold pieces at shops.

Inventory:

Hand Weapons
 D - a +4 scimitar of freezing (weapon)
Missiles
 H - a throwing net (quivered)
Armour
 v - a +0 buckler (worn)
 w - a +0 cloak (worn)
 y - +0 steam dragon scales (worn)
 G - the -2 hat of the Alchemist (worn) {rElec rPois rF+ rC+ rN+ Will+ rMut rCorr}
   (You found it on level 13 of the Dungeon)

   rF+:       It protects you from fire.
   rC+:       It protects you from cold.
   rElec:     It insulates you from electricity.
   rPois:     It protects you from poison rN+: It protects you from negative
   energy.
   Will+:     It increases your willpower.
   rCorr:     It protects you from acid and corrosion.
   rMut:      It protects you from mutation.
Jewellery
 e - a +6 ring of dexterity (right hand)
 m - a ring of protection from cold
 J - a +6 ring of strength (left hand)
Wands
 c - a wand of roots (13)
 j - a wand of mindburst (2)
 A - a wand of paralysis (11)
 E - a wand of flame (9)
Scrolls
 d - a scroll of brand weapon
 f - 4 scrolls of teleportation {unknown}
 g - 5 scrolls of noise {unknown}
 i - 3 scrolls of poison {unknown}
 n - 7 scrolls of blinking {unknown}
 o - 3 scrolls of identify
 r - 2 scrolls of torment {unknown}
 s - 3 scrolls of enchant armour {unknown}
 t - 4 scrolls of enchant weapon {unknown}
 x - 2 scrolls of amnesia {unknown}
 C - 3 scrolls of immolation {unknown}
Potions
 a - a potion of mutation
 b - 4 potions of brilliance
 h - a potion of haste
 k - a potion of resistance
 l - 4 potions of magic
 p - a potion of invisibility {unknown}
 q - 2 potions of heal wounds
 u - a potion of attraction {unknown}
 z - 3 potions of lignification
 F - a potion of enlightenment


   Skills:
 + Level 7.6 Fighting
 - Level 4.6(6.3) Short Blades
 - Level 4.9(5.4) Long Blades
 + Level 5.9 Armour
 - Level 12.0 Dodging
 - Level 5.0 Shields
 * Level 14.8 Invocations


You had 12 spell levels left.
You didn't know any spells.
Your spell library contained the following spells:

 Spells                   Type           Power      Damage    Failure   Level
 Apportation              Tloc           0%         N/A       43%         1
 Sandblast                Erth           0%         2d4       43%         1
 Summon Small Mammal      Summ           0%         N/A       43%         1
 Ensorcelled Hibernation  Hex/Ice        0%         N/A       56%         2
 Jinxbite                 Hex            0%         N/A       56%         2
 Call Canine Familiar     Summ           0%         N/A       80%         3
 Dazzling Flash           Conj/Hex       0%         N/A       80%         3
 Fugue of the Fallen      Necr           0%         N/A       80%         3
 Mephitic Cloud           Conj/Alch/Air  0%         N/A       80%         3
 Passwall                 Erth           0%         N/A       80%         3
 Stone Arrow              Conj/Erth      0%         3d7       80%         3
 Volatile Blastmotes      Fire/Tloc      0%         2d10      80%         3
 Anguish                  Hex/Necr       0%         N/A       99%         4
 Brom's Barrelling Bould  Conj/Erth      0%         2d3       99%         4
 Olgreb's Toxic Radiance  Alch           0%         N/A       99%         4
 Summon Blazeheart Golem  Fire/Summ      0%         N/A       99%         4
 Alistair's Intoxication  Alch           0%         N/A       100%        5
 Curse of Agony           Necr           0%         N/A       100%        5
 Silence                  Hex/Air        0%         N/A       100%        5
 Summon Forest            Summ/Tloc      0%         N/A       100%        5
 Summon Mana Viper        Hex/Summ       0%         N/A       100%        5
 Yara's Violent Unravell  Hex/Alch       0%         3d3       100%        5
 Starburst                Conj/Fire      0%         6d3       100%        6
 Summon Cactus Giant      Summ           0%         N/A       100%        6
 Enfeeble                 Hex            0%         N/A       100%        7
 Ozocubu's Refrigeration  Ice            0%         4d7       100%        7
 Discord                  Hex            0%         N/A       100%        8
 Maxwell's Capacitive Co  Air            0%         ∞         100%        8


Dungeon Overview and Level Annotations

Branches:
Dungeon (15/15)            Temple (1/1) D:4            Lair (3/5) D:8
 Shoals (1/4) Lair:2          Orc (0/2) D:11         Vaults (0/5) D:14
  Snake: Lair:2-3    Spider: Lair:2-3    Depths: D:15

Altars:
Ashenzari
Cheibriados
Dithmenos
Elyvilon
Fedhas
Gozag
Kikubaaqudgha
Makhleb
Nemelex Xobeh
Okawaru
Qazlal
Ru
Sif Muna
Trog
Uskayaw
Vehumet
Wu Jian
Xom
Yredelemnul
Zin
The Shining One

Shops:
D:6 :(:!   D:8 :

Annotations:
D:6 exclusion: orc warrior
D:9 2 transporters, yey's ghost, weakling FoDe
D:11 1 runed translucent door, SigmundSlayer's ghost, journeyman DsSh
D:14 1 exclusion


Innate Abilities, Weirdness & Mutations

You are very small and have problems with some larger weapons.
You are too small for most types of armour.
You have supernaturally acute eyesight. (SInv)
You cover ground extremely quickly. (Speed+++)
You expend magic power (3 MP) to strengthen your wands.
You passively dampen the noise of your surroundings.


Message History

The ten-headed hydra is severely wounded.
The ten-headed hydra bites you.
You block the ten-headed hydra's attack.
The ten-headed hydra completely misses you. x2
The ten-headed hydra misses you. The ten-headed hydra bites you.
The ten-headed hydra completely misses you. x2
You block the ten-headed hydra's attack.
The ten-headed hydra misses you.
Aiming: Minor Destruction (0% risk of failure)
Press: ? - help, Shift-Dir - straight line, f/p - ten-headed hydra
Aim: a ten-headed hydra (severely wounded)
The puff of flame hits the ten-headed hydra!
The ten-headed hydra is severely wounded.
Unknown command.
You slice one of the ten-headed hydra's heads off!
The nine-headed hydra grows two more!
You slice the 11-headed hydra!!
The 11-headed hydra seems to slow down.
You freeze the 11-headed hydra.
The 11-headed hydra is almost dead.
You block the 11-headed hydra's attack.
The 11-headed hydra completely misses you.
You block the 11-headed hydra's attack.
The 11-headed hydra completely misses you.
The 11-headed hydra closely misses you. x2
The 11-headed hydra completely misses you.
The 11-headed hydra misses you. x2
The 11-headed hydra completely misses you.
The 11-headed hydra misses you.
You lop one of the 11-headed hydra's heads off!
The ten-headed hydra grows two more!
You slash the 12-headed hydra!
The 12-headed hydra seems to slow down.
You freeze the 12-headed hydra.
The 12-headed hydra is almost dead.
You block the 12-headed hydra's attack. The 12-headed hydra bites you!
* * * LOW HITPOINT WARNING * * *
The 12-headed hydra completely misses you.
The 12-headed hydra bites you!
* * * LOW HITPOINT WARNING * * *
You block the 12-headed hydra's attack.
The 12-headed hydra completely misses you. x2
The 12-headed hydra bites you!
You die...

...............##
...............###
.................#
#..............#
#.......##.....##
##..##..###.....####
### ##.# ##......P#
### ##D....##
#.@....###
##.....#.# ##......#
########


You could see a 12-headed hydra (slow).

Vanquished Creatures
  Kirke (D:14)
  Erolcha (D:13)
  A centaur warrior (D:14)
  3 two-headed ogres
  A fire crab (D:11)
  2 ugly things
  A manticore (D:11)
  A cyclops (D:13)
  Joseph (D:7)
  A water nymph (Lair:2)
  2 black mambas
  A gargoyle (D:10)
  2 unseen horrors
  6 cane toads
  A rime drake (Lair:2)
  3 kobold demonologists
  4 komodo dragons
  2 polar bears
  Prince Ribbit (D:8)
  17 blink frogs
  7 slime creatures
  A centaur simulacrum (D:12)
  A shadow (D:11)
  A wraith (D:12)
  19 yaks
  2 wyverns
  2 basilisks
  2 steam dragons
  8 vampire mosquitoes
  A warg (D:11)
  Menkaure (D:7)
  3 acid dragons
  10 water moccasins
  4 orc warriors
  2 black bears
  3 ice beasts
  A sky beast (D:7)
  A centaur (D:13)
  5 wolves
  A phantom (D:6)
  4 kobold brigands
  3 bullfrogs (Lair:1)
  2 gnoll sergeants
  A scorpion (D:7)
  20 wights
  A killer bee (D:6)
  A howler monkey (D:6)
  3 hounds
  A bombardier beetle (D:4)
  A jelly (D:8)
  12 orc priests
  A sleepcap (D:6)
  An iguana (D:5)
  8 orc wizards
  13 gnolls
  7 adders
  A shadow imp (D:5)
  2 white imps
  2 ufetubi (D:6)
  3 dart slugs
  2 ribbon worms
  16 orcs
  3 ball pythons
  7 endoplasms
  2 giant cockroaches
  7 goblins
  6 hobgoblins
  3 quokkas
  4 bats (D:2)
  A frilled lizard (D:2)
  19 kobolds
  4 rats
288 creatures vanquished.

Vanquished Creatures (collateral kills)
  An ugly thing (D:13)
  A cyclops (D:14)
  A troll (D:10)
  A hornet (D:10)
  A slime creature (D:14)
  Sigmund (D:4)
  A shadow (D:13)
  3 yaks (D:11)
  2 vampire mosquitoes (D:7)
  2 water moccasins
  2 ice beasts (D:8)
  A gnoll sergeant (D:13)
  A wight (D:8)
  2 killer bees (D:6)
  2 orc wizards (D:7)
  2 gnolls
  2 ufetubi (D:7)
  2 orcs
  A kobold (D:4)
29 creatures vanquished.

Vanquished Creatures (others)
  5 dream sheep (D:7)
5 creatures vanquished.

Grand Total: 322 creatures vanquished

Notes
Turn   | Place    | Note
-------+----------+-------------------------------------------
     0 | D:1      | Bravepunisher the Spriggan Monk began the quest for the
                  | Orb.
     0 | D:1      | Reached XP level 1. HP: 11/11 MP: 2/2
    26 | D:2      | Found a shadowy altar of Dithmenos.
    93 | D:3      | Found a snail-covered altar of Cheibriados.
   102 | D:3      | Found a shimmering blue altar of Sif Muna.
   130 | D:4      | Found a staircase to the Ecumenical Temple.
   137 | Temple   | Entered the Ecumenical Temple
   153 | Temple   | Became a worshipper of Makhleb the Destroyer
   153 | Temple   | Reached * piety under Makhleb
   153 | Temple   | Reached ** piety under Makhleb
   283 | D:2      | Reached skill level 1 in Invocations
   283 | D:2      | Reached XP level 2. HP: 13/16 MP: 3/3
   429 | D:1      | Reached XP level 3. HP: 19/19 MP: 5/5
  1326 | D:2      | Reached skill level 2 in Invocations
  1461 | D:2      | Reached XP level 4. HP: 13/23 MP: 6/6
  1897 | D:3      | Reached *** piety under Makhleb
  2087 | D:3      | Reached skill level 5 in Dodging
  2532 | D:4      | Noticed Sigmund
  2535 | D:4      | Reached skill level 3 in Invocations
  2544 | D:4      | Killed Sigmund
  2545 | D:4      | Reached skill level 1 in Shields
  2545 | D:4      | Reached XP level 5. HP: 22/28 MP: 8/8
  2545 | D:4      | Reached XP level 6. HP: 25/32 MP: 9/9
  2642 | D:4      | Reached skill level 4 in Invocations
  2741 | D:4      | Found a shadowy altar of Dithmenos.
  3254 | D:5      | Entered Level 5 of the Dungeon
  3365 | D:5      | Noticed a water moccasin
  3369 | D:5      | Killed a water moccasin
  3370 | D:5      | Reached XP level 7. HP: 31/37 MP: 11/11
  3526 | D:5      | Found a white marble altar of Elyvilon.
  3630 | D:5      | Reached **** piety under Makhleb
  3631 | D:5      | Reached skill level 5 in Invocations
  4029 | D:6      | Found Kuijuvaism's Antique Weapon Boutique.
  4047 | D:6      | Found Otow's Book Boutique.
  4088 | D:6      | Found Titto's Book Shoppe.
  4423 | D:6      | Reached XP level 8. HP: 28/42 MP: 13/13
  4435 | D:6      | Reached skill level 6 in Invocations
  4525 | D:6      | Found Huqil's Distillery.
  4534 | D:6      | Bought a potion of mutation for 80 gold pieces
  4534 | D:6      | Bought a potion of might for 40 gold pieces
  4534 | D:6      | Gained mutation: You expend magic power (3 MP) to
                  | strengthen your wands. [potion of mutation]
  4534 | D:6      | Gained mutation: You passively dampen the noise of your
                  | surroundings. [potion of mutation]
  5197 | D:7      | Reached skill level 7 in Invocations
  5227 | D:7      | Reached skill level 5 in Fighting
  5516 | D:7      | Noticed Joseph
  5521 | D:7      | Found a sacrificial altar of Ru.
  5529 | D:7      | Killed Joseph
  5530 | D:7      | Reached XP level 9. HP: 32/47 MP: 15/15
  5622 | D:7      | Reached skill level 8 in Invocations
  5835 | D:7      | Found a shimmering altar of Xom.
  5896 | D:7      | Noticed Menkaure
  5900 | D:7      | Killed Menkaure
  6186 | D:8      | Found Dun Zig's Vocational Training.
  6207 | D:8      | Reached skill level 9 in Invocations
  6382 | D:8      | Noticed Prince Ribbit
  6404 | D:8      | Killed Prince Ribbit
  6434 | D:8      | Noticed a rime drake
  6630 | D:8      | Noticed a polar bear
  6636 | D:8      | Killed a polar bear
  6637 | D:8      | Reached XP level 10. HP: 48/51 MP: 18/18
  6676 | D:8      | Reached skill level 10 in Dodging
  6697 | D:8      | Found a staircase to the Lair.
  6703 | D:8      | Reached skill level 10 in Invocations
  6827 | D:8      | Reached skill level 5 in Shields
  6854 | D:8      | Found an ancient bone altar of Kikubaaqudgha.
  7049 | D:9      | Found a transporter.
  7050 | D:9      | Noticed yey's ghost (weakling FoDe)
  7051 | D:9      | Noticed a two-headed ogre
  7051 | D:9      | Identified the +7 dire flail of Nebacoeps {heavy, rN+ SInv}
  7051 | D:9      | Noticed a two-headed ogre
  7052 | D:9      | Noticed a two-headed ogre
  7067 | D:9      | Noticed a two-headed ogre
  7168 | D:9      | Reached ***** piety under Makhleb
  7181 | D:9      | Reached skill level 1 in Armour
  7895 | D:9      | Found a transporter.
  7942 | D:10     | Entered Level 10 of the Dungeon
  7988 | D:10     | Reached skill level 11 in Invocations
  8000 | D:10     | Reached skill level 1 in Long Blades
  8285 | D:10     | Found a broken altar of Ashenzari.
  8560 | D:10     | Reached XP level 11. HP: 55/55 MP: 20/20
  8680 | D:10     | Paralysed by a hornet for 3 turns
  9053 | D:11     | Noticed SigmundSlayer's ghost (journeyman DsSh)
  9056 | D:11     | Found a runed translucent door.
  9066 | D:11     | Noticed a two-headed ogre
  9081 | D:11     | Killed a two-headed ogre
  9175 | D:11     | Found a runed translucent door.
  9176 | D:11     | Noticed a fire crab
  9241 | D:11     | Found a staircase to the Orcish Mines.
  9253 | D:11     | Noticed a two-headed ogre
  9260 | D:11     | Killed a two-headed ogre
  9445 | D:11     | Identified the +0 long sword of the Inviting Mosquito
                  | {heavy, Str+5}
  9621 | D:11     | Reached skill level 12 in Invocations
 10132 | D:11     | Noticed a sun demon
 10195 | D:11     | You fall into a shaft and drop 2 floors!
 10195 | D:13     | Found the -2 hat of the Alchemist {rElec rPois rF+ rC+ rN+
                  | Will+ rMut rCorr}
 10206 | D:13     | Noticed Erolcha
 10213 | D:13     | Killed Erolcha
 10299 | D:13     | Noticed a brown ugly thing
 10309 | D:13     | Killed a brown ugly thing
 10779 | D:13     | Noticed a soul eater
 10968 | D:14     | Noticed a centaur warrior
 10981 | D:14     | Killed a centaur warrior
 10982 | D:14     | Reached XP level 12. HP: 60/61 MP: 22/22
 11001 | D:14     | Noticed a two-headed ogre
 11021 | D:14     | Killed a two-headed ogre
 11022 | D:14     | Reached skill level 13 in Invocations
 11245 | D:14     | Noticed Kirke
 11258 | D:14     | Killed Kirke
 11432 | D:14     | Found a gate to the Vaults.
 11432 | D:14     | Noticed a vault guard
 11432 | D:14     | Noticed a vault guard
 11432 | D:14     | Noticed a vault guard
 11432 | D:14     | Noticed a vault guard
 11432 | D:14     | Noticed a vault guard
 11459 | D:15     | Entered Level 15 of the Dungeon
 11463 | D:15     | Found a stormy altar of Qazlal.
 11736 | D:12     | Reached skill level 5 in Armour
 11831 | D:12     | Noticed a rakshasa
 12282 | D:11     | Noticed an entropy weaver
 12431 | Lair:1   | Entered Level 1 of the Lair of Beasts
 12633 | Lair:1   | Reached skill level 14 in Invocations
 13197 | Lair:1   | Reached XP level 13. HP: 67/67 MP: 24/24
 14017 | Lair:2   | Reached ****** piety under Makhleb
 14223 | Shoals:1 | Entered Level 1 of the Shoals
 14777 | Lair:3   | Slain by a 12-headed hydra

Illustrated notes

Levels and vault maps discovered:
D:1:      evilmike_arrival_hilbert_curve, layout_loops_corners
D:2:      layout_loops_ring, basic_altar, grunt_decor_junction
D:3:      layout_rooms, minitemple, minivault_26, dreamdust_mushroom_princess,
          minmay_door_square
D:4:      minmay_spotlight, layout_cave_pods, mainiacjoe_overflow_paths,
          minmay_temple_entry_steel_oval, uniq_sigmund
D:5:      layout_rooms, elyvilon_altar_1, serial_bayou_pond_d
D:6:      layout_basic, serial_shops, shop, shop, nicolae_take_the_stairs,
          nicolae_shop_hallway_plus
D:7:      layout_rooms, mainiacjoe_overflow_brackets, kb_xom_exploding_sheep,
          nicolae_overflow_hidden_temple, uniq_maurice, uniq_menkaure,
          uniq_joseph
D:8:      layout_rooms, mainiacjoe_overflow_chevrons, hellmonk_lair_entry_icy,
          nicolae_shop_vocational, uniq_prince_ribbit1
D:9:      layout_basic, gammafunk_ghost_smash
D:10:     layout_roguey, amcnicky_altar_gilded, hangedman_decor_push,
          minmay_misc_feat_more_columns, dreamdust_princess_corridor
D:11:     gammafunk_mikee_crab_dinner, layout_gridville,
          minmay_orc_entry_guard_dogs, hellmonk_ghost_big_iron
D:12:     minmay_crescents, layout_cave_pools, corexii_corridor_pit
D:13:     layout_layer_cave, uniq_erolcha
D:14:     layout_roguey, erik_vaults_2, serial_library_hellmonk_open_square,
          minmay_misc_feat_rows, uniq_kirke
D:15:     grunt_enter_depths_snipers, layout_rooms, grunt_qazlal_clouds,
          grunt_decor_fettered
Temple:   dshaligram_water_room_temple
Lair:1:   layout_cave_pods, chequers_serial_rivers_micro_e,
          infiniplex_staircase_pool, grunt_megastairs_4
Lair:2:   layout_misc_corridors, nicolae_shoals_entry_flooding
Lair:3:   layout_hall_layers, hellmonk_spider_entry_not_the_bees, uniq_snorg
Shoals:1: layout_shoals, ebering_ghost_inner_flame,
          nicolae_shoals_siren_and_animal_friends, uniq_roxanne

Skill      XL: |  1  2  3  4  5  6  7  8  9 10 11 12 |
---------------+-------------------------------------+-----
Invocations    | 1 2 3 4 5 7 9 11 12 14 | 14.8
Fighting       | 3 4 5 6 7 |  7.6
Dodging        | 5 6 8 9 11 12 | 12.0
Shields        | 1 2 3 4 5 |  5.0
Armour         | 2 4 5 |  5.9
Long Blades    | 1 2 4 |  4.9
Short Blades   | 4 |  4.6

Action                     |  1- 3 |  4- 6 |  7- 9 | 10-12 | 13-15 || total
---------------------------+-------+-------+-------+-------+-------++-------
  Melee: Short sword       |    15 |    11 |    47 |    15 |       ||    88
         Punch             |     2 |       |       |       |       ||     2
         Scimitar          |       |       |       |   401 |    86 ||   487
         Long sword        |       |       |       |    30 |       ||    30
 Invoke: Minor Destruction |    53 |   105 |   214 |   313 |    56 ||   741
         Lesser Servant of |       |     2 |     5 |     6 |       ||    13
  Evoke: Wand              |       |       |       |     3 |       ||     3
    Use: Potion            |       |     1 |     4 |     2 |       ||     7
         Scroll            |       |       |       |    13 |       ||    13
   Stab: Sleeping          |     1 |       |       |     1 |       ||     2
         Paralysed         |       |       |       |     6 |       ||     6
         Distracted        |       |       |       |     2 |       ||     2
 Armour: Robe              |     4 |    10 |    29 |       |       ||    43
         Steam dragon scal |       |       |    12 |   148 |    22 ||   182
  Dodge: Dodged            |    26 |    19 |   121 |   481 |    74 ||   721
  Block: Buckler           |       |     3 |    34 |   152 |    37 ||   226
